 Dungeon Crawl Stone Soup version 0.30-a0-782-ge64f9170bb (webtiles) character file.

Game seed: 2806475331262413094

17710 mopl the Tainter (level 12, -3/89 HPs)
             Began as a Formicid Venom Mage on Mar 16, 2023.
             Was the Champion of Cheibriados.
             Slain by Snorg (10 damage)
             ... on level 2 of the Orcish Mines.
             The game lasted 00:30:03 (10172 turns).

mopl the Tainter (Formicid Venom Mage)             Turns: 10172, Time: 00:30:04

Health: -3/89      AC:  8    Str: 28    XL:     12   Next: 86%
Magic:  21/27      EV: 17    Int: 35    God:    Cheibriados [******]
Gold:   562        SH:  9    Dex: 29    Spells: 4/20 levels left

rFire   . . .      SeeInvis +    L - staff of poison
rCold   . . .      Faith    +    U - +2 buckler
rNeg    . . .      Spirit   .    d - +0 troll leather armour
rPois   +          Reflect  .    (helmet unavailable)
rElec   .          Harm     .    D - +0 cloak
rCorr   +          Rampage  .    x - +1 pair of gloves
Will    +....                    (no boots)
Stlth   +++                      l - amulet of faith {!P}
HPRegen 1.14/turn                P - ring of magical power
MPRegen 0.20/turn                w - ring of resist corrosion

@: flying, very slow
A: permanent stasis, dig shafts and tunnels, antennae 3, four strong arms
a: Dig, Shaft Self, Renounce Religion, Bend Time, Temporal Distortion, Slouch,
Step From Time


You were on level 2 of the Orcish Mines.
You worshipped Cheibriados.
Cheibriados was exalted by your worship.
You visited 3 branches of the dungeon, and saw 15 of its levels.
You visited 1 bazaar.

You collected 1168 gold pieces.
You spent 606 gold pieces at shops.

Inventory:

Hand Weapons
 a - a +0 whip of electrocution
 b - a +0 dire flail of venom
 c - a +0 mace
 h - a +2 war axe
 B - a +4 spear
 H - a +2 spectral executioner's axe
 I - a +3 hand axe of freezing
 K - a +3 trident of freezing
 Q - a +0 broad axe
Missiles
 o - 53 poisoned darts
 F - 6 curare-tipped darts
 G - 4 boomerangs
 N - 6 javelins
 T - 10 atropa-tipped darts
Armour
 d - a +0 troll leather armour (worn)
 p - the +8 chain mail of the Cuttlefish {-Cast rN+++ Str+3 Dex+3}
   (You found it on level 2 of the Dungeon)

   Str:       It affects your strength (+3).
   Dex:       It affects your dexterity (+3).
   rN:        It renders you almost immune to negative energy.
   -Cast:     It prevents spellcasting.
 x - a +1 pair of gloves (worn)
 D - a +0 cloak (worn)
 J - a +2 robe of willpower
 U - a +2 buckler (worn)
Magical Staves
 L - a staff of poison (weapon)
Jewellery
 i - a +6 ring of intelligence
 l - an amulet of faith (around neck) {!P}
 m - a ring of wizardry
 w - a ring of resist corrosion (right hand)
 P - a ring of magical power (left hand)
 W - a ring of protection from fire
Wands
 r - a wand of iceblast (10)
 R - a wand of flame (11)
 V - a wand of charming (8)
Scrolls
 j - 3 scrolls of fear
 k - 4 scrolls of identify
 q - 2 scrolls of fog
 s - a scroll of torment {!r}
 t - 4 scrolls of vulnerability
 u - 7 scrolls of amnesia
 v - 2 scrolls of butterflies
 y - 4 scrolls of enchant armour
 z - 3 scrolls of poison
 C - 5 scrolls of teleportation
 M - 2 scrolls of magic mapping
 S - a scroll of enchant weapon
Potions
 e - 4 potions of brilliance
 f - a potion of lignification {!q}
 g - 4 potions of curing
 n - 4 potions of mutation {!q}
 A - a potion of invisibility
 E - a potion of flight
 X - a potion of resistance
 Y - 3 potions of might
Miscellaneous
 O - a phantom mirror
 Z - a phial of floods


   Skills:
 - Level 6.6 Fighting
 * Level 6.9 Axes
 - Level 6.0 Throwing
 - Level 7.0 Armour
 + Level 5.9 Dodging
 - Level 2.4 Stealth
 + Level 4.1 Shields
 + Level 4.6 Spellcasting
 + Level 4.5 Transmutations
 + Level 11.4 Poison Magic
 + Level 7.7 Invocations
 + Level 7.7 Evocations


You had 4 spell levels left.
You knew the following spells:

 Your Spells              Type           Power      Damage    Failure   Level
a - Sting                 Tmut/Pois      100%       1d8       1%          1
b - Eringya's Noxious Bo  Tmut/Pois      38%        N/A       32%         6
c - Alistair's Intoxicat  Tmut/Pois      51%        N/A       6%          5
o - Olgreb's Toxic Radia  Pois           93%        N/A       1%          4

Your spell library contained the following spells:

 Spells                   Type           Power      Damage    Failure   Level
 Poisonous Vapours        Pois/Air       100%       N/A       1%          2
 Mephitic Cloud           Conj/Pois/Air  51%        N/A       3%          3
 Shock                    Conj/Air       32%        1d5       6%          1
 Slow                     Hex            32%        N/A       6%          1
 Lesser Beckoning         Tloc           16%        N/A       9%          2
 Momentum Strike          Conj/Tloc      16%        3d8       9%          2
 Call Canine Familiar     Summ           8%         N/A       19%         3
 Confusing Touch          Hex            8%         N/A       19%         3
 Portal Projectile        Hex/Tloc       16%        N/A       19%         3
 Vampiric Draining        Necr           8%         2d6       19%         3
 Airstrike                Air            4%         2d(1-17)  52%         4
 Animate Armour           Summ/Erth      16%        N/A       52%         4
 Leda's Liquefaction      Hex/Erth       4%         N/A       52%         4
 Summon Lightning Spire   Summ/Air       8%         N/A       52%         4
 Blade Hands              Tmut           20%        N/A       26%         5
 Borgnjor's Vile Clutch   Necr/Erth      4%         N/A       86%         5
 Lightning Bolt           Conj/Air       4%         1d15      86%         5
 Iron Shot                Conj/Erth      4%         9d2       100%        6
 Blink                    Tloc           Unusable   N/A       N/A         2
 Swiftness                Air            Unusable   N/A       N/A         3

Dungeon Overview and Level Annotations

Branches:
Dungeon (12/15)            Temple (1/1) D:4            Lair (0/5) D:9
    Orc (2/2) D:12
    Elf: Orc:2

Altars:
Ashenzari
Cheibriados
Dithmenos
Elyvilon
Fedhas
Gozag
Hepliaklqana
Kikubaaqudgha
Makhleb
Nemelex Xobeh
Okawaru
Qazlal
Ru
Sif Muna
Trog
Uskayaw
Vehumet
Wu Jian
Xom
Yredelemnul
Zin
The Shining One

Shops:
D:2 *   D:4 ?   D:6 **   D:12 (   Orc:2 :

Portals:
Trove: D:12 (show abyssal rune of Zot)

Annotations:
D:10 2 runed translucent doors, Dirtsage's ghost, novice DsBe
D:11 1 runed translucent door, Xenydo's ghost, journeyman DsGl
Orc:2 Snorg


Innate Abilities, Weirdness & Mutations

You cannot be hasted, slowed, berserked, paralysed or teleported.
You can dig through walls and to a lower floor.
You have a pair of large antennae on your head. (SInv)
Your four strong arms can wield two-handed weapons with a shield.


Message History

Snorg is poisoned.
Snorg looks even sicker.
Your toxic aura wanes.
Snorg goes berserk!
There is a fountain of sparkling water here.
You feel a surge of power!
You begin to radiate toxic energy.
Snorg looks even sicker.
You feel very buoyant.
You fly up into the air.
Snorg looks even sicker.
Snorg looks as sick as possible!
Your toxic aura wanes.
Snorg bites you! Snorg closely misses you. Snorg claws you but does no damage.
You block Snorg's attack. x2; Snorg barely misses you.
Snorg attacks as you move away! Snorg barely misses you.
You block Snorg's attack. Snorg claws you but does no damage.
Snorg rages.
Snorg rages.
You block Snorg's attack. Snorg claws you but does no damage.
You block Snorg's attack.
You block Snorg's attack. x2; Snorg closely misses you.
You block Snorg's attack. Snorg barely misses you. Snorg closely misses you.
Snorg bites you! You block Snorg's attack. x2
There is a fountain of sparkling water here.
You feel a surge of power!
You begin to radiate toxic energy.
Snorg looks even sicker.
Snorg looks as sick as possible!
Snorg rages.
Snorg attacks as you move away! You block Snorg's attack.
Snorg claws you but does no damage. Snorg completely misses you.
Snorg looks as sick as possible!
Snorg bites you! Snorg claws you! x2
Snorg misses you. Snorg claws you! Snorg claws you.
* * * LOW HITPOINT WARNING * * *
Your toxic aura wanes.
You block Snorg's attack. x3
Snorg attacks as you move away! Snorg misses you. Snorg claws you!
* * * LOW HITPOINT WARNING * * *
Snorg claws you!
* * * LOW HITPOINT WARNING * * *
Snorg rages.
Snorg attacks as you move away! Snorg misses you. Snorg claws you!
You die...

........##.## ....
..##........# ... ..
#......#.####.# ...
...#....##≈≈.≈≈## #...
..##.....≈≈≈.≈≈≈# ....# .
##.....≈≈⌠.⌠≈≈##.#.##
##.........∩..........
#...)#..≈≈⌠.⌠≈≈.......
...........≈≈≈.@≈≈.#..#..
...o........≈≈T≈≈........
......#.##...............
.....######.#......##....
.##.# ####...### ##.. ##
##### #


You could see Snorg (berserk, very poisoned).

Vanquished Creatures
  A slime creature (D:12)
  Erolcha (D:9)
  A boulder beetle (D:12)
  4 two-headed ogres
  Sonja (Orc:2)
  A cyclops (Orc:2)
  2 komodo dragons
  2 kobold demonologists
  4 trolls
  A hornet (D:8)
  2 wyverns (D:9)
  A shadow (D:11)
  13 yaks
  7 hogs (D:12)
  A steam dragon (D:8)
  4 vampire mosquitoes
  Edmund (D:5)
  3 acid dragons
  3 water moccasins
  A sky beast (D:6)
  2 ogres
  5 orc warriors
  A black bear (D:4)
  3 ice beasts
  8 centaurs
  6 kobold brigands
  6 bullfrogs
  A necrophage (D:5)
  3 gnoll sergeants
  6 scorpions
  9 wights
  5 killer bees (D:9)
  2 howler monkeys (D:12)
  2 electric eels (D:10)
  5 hounds
  8 orc priests
  2 jellies (D:5)
  A gnoll bouda (D:7)
  5 iguanas
  11 orc wizards
  21 gnolls
  7 adders
  2 white imps
  An ufetubus (D:6)
  2 worms
  9 dart slugs
  25 orcs
  3 ball pythons
  5 bats
  8 endoplasms
  A giant cockroach (D:1)
  2 goblins
  A hobgoblin (D:1)
  10 jackals
  29 kobolds
  7 quokkas
  A frilled lizard (D:1)
  3 rats
282 creatures vanquished.

Vanquished Creatures (others)
  Kirke (D:12)
  14 fungi (D:9)
  17 plants (D:9)
32 creatures vanquished.

Grand Total: 314 creatures vanquished

Notes
Turn   | Place    | Note
-------+----------+-------------------------------------------
     0 | D:1      | mopl the Formicid Venom Mage began the quest for the Orb.
     0 | D:1      | Reached XP level 1. HP: 13/13 MP: 3/3
    52 | D:1      | Reached XP level 2. HP: 17/19 MP: 5/5
   325 | D:1      | Reached XP level 3. HP: 24/24 MP: 5/7
   344 | D:1      | Reached skill level 3 in Spellcasting
   612 | D:2      | Found Mikhlyx's General Store.
   620 | D:2      | Bought a potion of brilliance for 52 gold pieces
   656 | D:2      | Reached skill level 5 in Poison Magic
   756 | D:2      | Reached XP level 4. HP: 26/30 MP: 4/8
   774 | D:2      | Reached skill level 6 in Poison Magic
   983 | D:2      | Learned a level 4 spell: Olgreb's Toxic Radiance
  1090 | D:2      | Identified the +8 chain mail of the Cuttlefish {-Cast rN+++
                  | Str+3 Dex+3}
  1373 | D:3      | Reached XP level 5. HP: 32/35 MP: 9/9
  1764 | D:4      | Noticed an ogre
  1966 | D:4      | Killed an ogre
  1967 | D:4      | Reached skill level 1 in Fighting
  1967 | D:4      | Reached skill level 1 in Throwing
  1967 | D:4      | Reached skill level 1 in Armour
  1967 | D:4      | Reached skill level 2 in Dodging
  1967 | D:4      | Reached skill level 7 in Poison Magic
  1967 | D:4      | Reached skill level 1 in Evocations
  1967 | D:4      | Reached XP level 6. HP: 43/43 MP: 4/10
  2146 | D:4      | Found Efunt's Magic Scroll Boutique.
  2154 | D:4      | Bought a scroll of identify for 24 gold pieces
  2154 | D:4      | Bought a scroll of noise for 12 gold pieces
  2154 | D:4      | Bought a scroll of teleportation for 36 gold pieces
  2154 | D:4      | Bought a scroll of poison for 48 gold pieces
  2470 | D:4      | Noticed a black bear
  2472 | D:4      | Found a staircase to the Ecumenical Temple.
  2574 | D:4      | Reached XP level 7. HP: 45/49 MP: 4/11
  2623 | D:5      | Entered Level 5 of the Dungeon
  2668 | D:5      | Reached skill level 2 in Fighting
  2668 | D:5      | Reached skill level 2 in Throwing
  2668 | D:5      | Reached skill level 2 in Evocations
  2670 | D:5      | Reached skill level 2 in Armour
  2839 | D:5      | Noticed a water moccasin
  2855 | D:4      | Reached skill level 3 in Dodging
  2859 | Temple   | Entered the Ecumenical Temple
  3012 | Temple   | Became a worshipper of Cheibriados the Contemplative
  3056 | D:4      | Killed a water moccasin
  3057 | D:4      | Reached XP level 8. HP: 13/57 MP: 12/12
  3265 | D:5      | Reached skill level 1 in Invocations
  3265 | D:5      | Reached skill level 3 in Evocations
  3319 | D:5      | Reached skill level 3 in Fighting
  3319 | D:5      | Reached skill level 3 in Throwing
  3319 | D:5      | Reached skill level 3 in Armour
  3319 | D:5      | Reached skill level 8 in Poison Magic
  3333 | D:5      | Noticed a troll
  3342 | D:5      | HP: 2/87 [troll (8)]
  3348 | D:5      | Killed a troll
  3348 | D:5      | Reached * piety under Cheibriados
  3349 | D:5      | Reached skill level 2 in Invocations
  3356 | D:5      | Reached XP level 9. HP: 26/64 MP: 4/13
  3605 | D:5      | Reached skill level 4 in Evocations
  3637 | D:5      | Noticed Edmund
  3646 | D:5      | Killed Edmund
  3647 | D:5      | Reached skill level 3 in Invocations
  3714 | D:5      | Reached skill level 4 in Fighting
  3797 | D:5      | Reached skill level 4 in Dodging
  3799 | D:5      | Reached skill level 4 in Armour
  3964 | D:2      | Bought a potion of mutation for 104 gold pieces
  4027 | D:4      | Bought a scroll of vulnerability for 48 gold pieces
  4103 | D:5      | Reached skill level 4 in Throwing
  4268 | D:6      | Reached ** piety under Cheibriados
  4361 | D:6      | Reached skill level 9 in Poison Magic
  4450 | D:6      | Found Cuwoostru's General Store.
  4451 | D:6      | Found Ysuqot's Specific Store.
  4501 | D:6      | Reached skill level 4 in Invocations
  4589 | D:6      | Reached skill level 1 in Axes
  4801 | D:6      | Reached skill level 5 in Evocations
  4801 | D:6      | Reached XP level 10. HP: 72/73 MP: 14/14
  4819 | D:6      | Reached *** piety under Cheibriados
  5191 | D:6      | Reached skill level 5 in Fighting
  5290 | D:7      | Reached skill level 5 in Armour
  5369 | D:7      | Reached skill level 2 in Axes
  6222 | D:4      | Bought a scroll of enchant armour for 90 gold pieces
  6371 | D:8      | Reached **** piety under Cheibriados
  6452 | D:8      | Reached skill level 5 in Invocations
  6870 | D:8      | Reached skill level 5 in Throwing
  6878 | D:8      | Reached skill level 5 in Dodging
  7145 | D:8      | Reached skill level 3 in Axes
  7373 | D:4      | Bought a scroll of identify for 24 gold pieces
  7373 | D:4      | Bought a scroll of amnesia for 48 gold pieces
  7466 | D:9      | Reached skill level 6 in Evocations
  7471 | D:9      | Reached skill level 10 in Poison Magic
  7475 | D:9      | Reached XP level 11. HP: 13/81 MP: 10/15
  7475 | D:9      | Reached ***** piety under Cheibriados
  7479 | D:9      | Reached skill level 6 in Fighting
  7485 | D:9      | HP: 2/121 [orc priest/divine providence (15)]
  7587 | D:9      | Reached skill level 6 in Armour
  7596 | D:9      | Learned a level 5 spell: Alistair's Intoxication
  7652 | D:9      | Noticed Erolcha
  7659 | D:9      | Killed Erolcha
  7660 | D:9      | Reached skill level 6 in Invocations
  7751 | D:9      | Identified a scroll of acquirement
  7752 | D:9      | Acquired a +1 executioner's axe of distortion
  7865 | D:9      | Reached skill level 2 in Transmutations
  7866 | D:9      | Reached skill level 4 in Axes
  7916 | D:9      | Found a staircase to the Lair.
  8051 | D:10     | Entered Level 10 of the Dungeon
  8131 | D:10     | Found an ornate altar of the Wu Jian Council.
  8132 | D:10     | Found an ancient bone altar of Kikubaaqudgha.
  8135 | D:10     | Found a blossoming altar of Fedhas.
  8135 | D:10     | Found an opulent altar of Gozag.
  8194 | D:10     | Reached skill level 6 in Throwing
  8226 | D:10     | Found a burning altar of Makhleb.
  8226 | D:10     | Found a basalt altar of Yredelemnul.
  8243 | D:10     | Found a large runed translucent door.
  8243 | D:10     | Found a large runed translucent door.
  8290 | D:10     | Noticed a two-headed ogre
  8296 | D:10     | Killed a two-headed ogre
  8410 | D:10     | Noticed Dirtsage's ghost (novice DsBe)
  8425 | D:10     | Learned a level 6 spell: Eringya's Noxious Bog
  8681 | D:11     | Found a flickering gateway to a bazaar.
  8690 | Bazaar   | Entered a bazaar
  8706 | Bazaar   | Found Gixtum's Weapon Shoppe.
  8707 | Bazaar   | Found Lekhlef's Book Shoppe.
  8750 | Bazaar   | Found Vuschiuch's Weapon Emporium.
  8750 | Bazaar   | Found Haet Toq's Antique Weapon Emporium.
  8772 | Bazaar   | Bought a broad axe for 120 gold pieces
  8853 | D:11     | Reached skill level 5 in Axes
  8862 | D:11     | Found a runed translucent door.
  8862 | D:11     | Noticed Xenydo's ghost (journeyman DsGl)
  8864 | D:11     | Noticed a fire giant
  8980 | D:11     | Reached skill level 3 in Transmutations
  9033 | D:11     | Noticed a two-headed ogre
  9043 | D:11     | Killed a two-headed ogre
  9044 | D:11     | Reached XP level 12. HP: 83/89 MP: 17/17
  9222 | D:11     | Reached skill level 1 in Shields
  9222 | D:11     | Reached skill level 7 in Evocations
  9531 | D:12     | Found a staircase to the Orcish Mines.
  9538 | D:12     | Reached skill level 7 in Invocations
  9623 | D:12     | Reached skill level 7 in Armour
  9647 | D:12     | Noticed a two-headed ogre
  9656 | D:12     | Killed a two-headed ogre
  9657 | D:12     | Reached skill level 2 in Shields
  9657 | D:12     | Reached skill level 11 in Poison Magic
  9669 | D:12     | Found a portal to a secret trove of treasure.
  9710 | D:12     | Noticed a boulder beetle
  9711 | D:12     | Noticed Kirke
  9720 | D:12     | Reached skill level 6 in Axes
  9720 | D:12     | Killed a boulder beetle
  9721 | D:12     | Reached skill level 4 in Spellcasting
  9721 | D:12     | Reached skill level 4 in Transmutations
  9722 | D:12     | Killed Kirke
  9723 | D:12     | Reached skill level 3 in Shields
  9765 | D:12     | Noticed a two-headed ogre
  9774 | D:12     | Killed a two-headed ogre
  9821 | D:12     | Found Xasemmou's Weapon Emporium.
  9896 | D:12     | Reached ****** piety under Cheibriados
 10050 | Orc:1    | Entered Level 1 of the Orcish Mines
 10098 | Orc:2    | Entered Level 2 of the Orcish Mines
 10127 | Orc:2    | Found Zicroc's Self-Improvement Boutique.
 10130 | Orc:2    | Noticed Sonja
 10134 | Orc:2    | Killed Sonja
 10135 | Orc:2    | Reached skill level 4 in Shields
 10154 | Orc:2    | Noticed Snorg
 10172 | Orc:2    | Slain by Snorg

Illustrated notes

Levels and vault maps discovered:
D:1:      amcnicky_arrival_single_pillar, layout_rooms
D:2:      layout_loops_ring, serial_shops, shop_fountains
D:3:      layout_rooms
D:4:      layout_gridville, minmay_temple_entry_from_below_b, serial_shops,
          nicolae_square_shop, minmay_misc_feat_tiny
D:5:      cheibrodos_fzero, layout_rooms, uniq_edmund
D:6:      layout_gridville, grunt_ministairs_11,
          nicolae_kite_square_tiling_tiny, nicolae_specific_store
D:7:      layout_basic
D:8:      layout_loops_corners
D:9:      layout_basic, grunt_lair_entry_orc_guard_hut, uniq_erolcha
D:10:     layout_cross, nicolae_overflow_hidden_temple,
          nicolae_overflow_two_pavilions, ebering_ghost_disaster_area
D:11:     layout_small_grid, ebering_ghost_inner_flame, serial_shops,
          bzr_in_the_mist
D:12:     layout_basic, orc_0_dummy, enter_trove_2, serial_shops,
          nicolae_shop_crystal, serial_park_tiny_2, uniq_kirke
Temple:   regret_index_temple_sphere_string
Orc:1:    layout_diamond_mine
Orc:2:    st_orc_open, layout_caves, basic_altar, nicolae_orc_bridge_out,
          nicolae_shop_self_help, uniq_snorg, uniq_sonja

Skill      XL: |  1  2  3  4  5  6  7  8  9 10 11 12 |
---------------+-------------------------------------+-----
Spellcasting   | 3 4 |  4.6
Poison Magic   | 5 6 7 8 9 10 11 | 11.4
Fighting       | 1 2 3 4 5 6 |  6.6
Throwing       | 1 2 3 4 5 6 |  6.0
Armour         | 1 2 3 4 5 6 7 |  7.0
Dodging        | 2 3 4 5 |  5.9
Evocations     | 1 2 3 5 6 7 |  7.7
Invocations    | 2 4 5 6 7 |  7.7
Axes           | 1 3 5 6 |  6.9
Transmutations | 3 4 |  4.5
Shields        | 4 |  4.1
Stealth        | |  2.4

Action                     |  1- 3 |  4- 6 |  7- 9 | 10-12 || total
---------------------------+-------+-------+-------+-------++-------
  Melee: Mace              |    43 |   166 |       |       ||   209
         Unarmed           |     6 |     1 |     2 |       ||     9
         Punch             |       |     3 |     4 |     2 ||     9
         Whip              |       |       |   162 |   147 ||   309
         Dire flail        |       |       |    68 |    47 ||   115
         Hand axe          |       |       |       |    92 ||    92
         Trident           |       |       |       |    10 ||    10
         Executioner's axe |       |       |       |    13 ||    13
         Staff             |       |       |       |     1 ||     1
   Cast: Sting             |    36 |    14 |     9 |    16 ||    75
         Olgreb's Toxic Ra |       |     2 |    20 |    67 ||    89
 Invoke: Slouch            |       |       |       |     2 ||     2
Ability: Dig               |       |       |       |     1 ||     1
  Evoke: Wand              |       |       |     1 |     3 ||     4
    Use: Potion            |       |     1 |     7 |     4 ||    12
         Scroll            |       |       |     3 |    13 ||    16
   Stab: Sleeping          |     1 |       |       |     2 ||     3
         Distracted        |       |       |       |     2 ||     2
 Armour: Robe              |    29 |     4 |    13 |       ||    46
         Chain mail        |       |   184 |    40 |       ||   224
         Skin              |       |     8 |    42 |     9 ||    59
         Troll leather arm |       |       |    40 |   102 ||   142
  Dodge: Dodged            |    88 |   105 |   150 |   329 ||   672
  Block: Buckler           |       |       |       |    41 ||    41

Table legend: (Time is in decaauts)
 A = Elapsed time spent in this place.
 B = Non-inter-level travel time spent in this place.
 C = Inter-level travel time spent in this place.
 D = Time resting spent in this place.
 E = Time spent auto-exploring this place.
 F = Levels seen in this place.
 G = Mean time per level.
                   A        B        C        D        E       F      G
               +--------+--------+--------+--------+--------+-----+--------+
         Total |  14209 |  12817 |   1392 |   1217 |   8223 |  16 |  888.1 |
       Dungeon |  13636 |  12296 |   1340 |   1217 |   7845 |  12 | 1136.3 |
        Temple |    185 |    146 |     39 |      0 |    122 |   1 |  185.0 |
  Orcish Mines |    215 |    203 |     12 |      0 |    111 |   2 |  107.5 |
        Bazaar |    172 |    172 |      0 |      0 |    145 |   1 |  172.0 |
               +--------+--------+--------+--------+--------+-----+--------+

Top non-repeatable levels by time:
    D:11: 1731 daAuts
     D:8: 1720 daAuts
     D:7: 1629 daAuts
     D:6: 1534 daAuts
     D:4: 1530 daAuts
     D:5: 1090 daAuts
    D:12: 894 daAuts
     D:2: 884 daAuts
     D:9: 878 daAuts
    D:10: 643 daAuts
     D:3: 580 daAuts
     D:1: 517 daAuts
  Temple: 185 daAuts
  Bazaar: 172 daAuts
   Orc:2: 127 daAuts
